 Dungeon Crawl Stone Soup version 0.19.0-20-gbc5f0c6 (console) character file.

6434 Kloppie the Cleaver (level 10, -1/148 HPs)
             Began as a Demonspawn Berserker on Nov 17, 2016.
             Was an Elder of Trog.
             Slain by a hornet (4 damage)
             ... on level 10 of the Dungeon.
             The game lasted 00:12:50 (7656 turns).

Kloppie the Cleaver (Demonspawn Berserker)          Turns: 7656, Time: 00:12:50

Health: -1/148     AC:  9    Str: 22    XL:     10   Next: 67%
Magic:  10/10      EV: 14    Int: 14    God:    Trog [****..]
Gold:   460        SH:  5    Dex: 15    Spells: 0 memorised, 9 levels left

rFire  . . .     SeeInvis +     a - +7 war axe of Cesill {venom, rC+ Int+4}
rCold  + . .     Gourm    .     s - +0 scale mail
rNeg   . . .     Faith    .     i - +0 buckler
rPois  .         Spirit   .     (no helmet)
rElec  .         Reflect  .     (no cloak)
rCorr  .         Harm     .     o - +1 pair of gloves
MR     .....                    (no boots)
Stlth  ..........               (no amulet)
                                K - ring of see invisible
                                (no ring)

@: berserking, lethally poisoned (-1 -> -2), slowed
A: hooves 2, repulsion field 2, powered by pain 1, robust 2
a: Berserk, Trog's Hand, Brothers in Arms, Burn Spellbooks, Renounce Religion


You were on level 10 of the Dungeon.
You worshipped Trog.
Trog was greatly pleased with you.
You were very hungry.

You visited 1 branch of the dungeon, and saw 10 of its levels.

You collected 460 gold pieces.

Inventory:

Hand Weapons
 a - the +7 war axe of Cesill (weapon) {venom, rC+ Int+4}
   (You found it on level 6 of the Dungeon)

   It poisons the flesh of those it strikes.
   It affects your intelligence (+4).
   It protects you from cold.
 D - a cursed +4 battleaxe
 E - the +3 flail of Malaise {elec, Int+3}
   (You found it on level 5 of the Dungeon)

   Occasionally, upon striking a foe, it will discharge some electrical energy
   and cause terrible harm.
   It affects your intelligence (+3).
Armour
 i - a +0 buckler (worn)
 o - a +1 pair of gloves (worn)
 s - a +0 scale mail (worn)
Jewellery
 n - a +3 ring of dexterity
 y - an uncursed ring of magical power
 G - an uncursed ring of ice
 K - a ring of see invisible (right hand)
Wands
 m - a wand of polymorph (12/24)
 u - a wand of enslavement (12/24)
 v - a wand of heal wounds (3/9)
 B - a wand of confusion (17/48)
 H - a wand of flame (44/48)
 I - a wand of lightning (9/15)
 M - a wand of flame (15/48)
 O - a wand of disintegration (14/24)
Scrolls
 e - 6 scrolls of remove curse
 k - 2 scrolls of teleportation
 l - 2 scrolls of immolation
 q - 3 scrolls of enchant armour
 t - 2 scrolls of recharging
 w - 4 scrolls of amnesia
Potions
 b - 2 potions of cancellation
 g - 2 potions of might
 j - 2 potions of flight
 r - 5 potions of curing
 x - 5 potions of heal wounds
 z - 3 potions of lignification
 C - a potion of haste
 J - a potion of berserk rage
 L - a potion of ambrosia {unknown}
Books
 A - a book of Maledictions

   Spells                             Type                      Level
   a - Corona                         Hexes                        1
   b - Ensorcelled Hibernation        Hexes/Ice                    2
   c - Confuse                        Hexes                        3
   d - Tukima's Dance                 Hexes                        3
   e - Dazzling Spray                 Conjuration/Hexes            3
   Trog disapproves of the use of such an item.
Comestibles
 c - 10 bread rations
 d - 2 slices of pizza
 f - 2 beef jerkies
 h - 4 meat rations
 p - a fruit
 F - 2 royal jellies
 P - 16 chunks of flesh


   Skills:
 - Level 9.2 Fighting
 + Level 10.9 Axes
 + Level 5.4 Armour
 - Level 1.7 Dodging
 - Level 4.4 Shields


You had 9 spell levels left.
You didn't know any spells.

Dungeon Overview and Level Annotations

Branches:
Dungeon (10/15)            Temple (0/1) D:7             Orc (0/2) D:10
   Lair: D:8-11

Altars:
Ashenzari
Hepliaklqana
Kikubaaqudgha
Makhleb
Nemelex Xobeh
Okawaru
Ru
Sif Muna
Uskayaw
Xom
Yredelemnul
Zin

Shops:
D:8 (


Innate Abilities, Weirdness & Mutations

You have hoof-like feet.
You are surrounded by a moderate repulsion field. (EV +3)
You sometimes gain a little power by taking damage.
You are very robust. (+20% HP)


Message History

You miss the hornet. The hornet barely misses you.
You block the hornet's attack.
The hill giant hits you with a giant club!
* * * LOW HITPOINT WARNING * * *
The hornet stings you.
* * * LOW HITPOINT WARNING * * *
You are poisoned.
You suddenly lose the ability to move!
You feel sick. The hornet stings you.
* * * LOW HITPOINT WARNING * * *
You feel as though you will be slow longer.
The hill giant hits you with a giant club!!!
* * * LOW HITPOINT WARNING * * *
You hear a shout!
You can move again.
A red film seems to cover your vision as you go berserk!
You feel yourself moving faster!
You feel mighty!
You are feeling very hungry.
You feel sick. The hornet stings you.
You die...

..........................
..........................
.......................)..
..........................
........############......
........# #......
........# #......
........######### #......
.........@C...... .......
..#####..y....... .
#...####### #...# #...#
..... ....... .....###


You could see a hill giant and a hornet.

Vanquished Creatures
  A hill giant (D:10)
  A troll (D:9)
  The ghost of HerpusD the Chopper, an amateur MiBe of Trog (D:5)
  Prince Ribbit (D:5)
  Grinder (D:6)
  A hippogriff (D:9)
  A two-headed ogre (D:8)
  A spriggan (D:7)
  6 yaks (D:9)
  A hungry ghost (D:8)
  Edmund (D:6)
  An ice beast (D:5)
  An orc warrior (D:8)
  A black bear (D:6)
  4 sky beasts
  5 ogres
  2 phantoms
  5 centaurs
  A crocodile (D:10)
  5 bullfrogs
  2 wyvern skeletons (D:8)
  A water moccasin zombie (D:5)
  2 scorpions
  5 killer bees (D:9)
  A howler monkey (D:6)
  4 wights (D:6)
  A bullfrog zombie (D:4)
  A centaur zombie (D:7)
  4 hounds
  A bullfrog skeleton (D:10)
  4 iguanas
  2 orc wizards
  3 worker ants
  Ijyb (D:3)
  2 hound skeletons
  A howler monkey zombie (D:7)
  15 adders
  10 gnolls
  A shadow imp (D:8)
  An ooze (D:3)
  An adder skeleton (D:4)
  A dart slug (D:3)
  2 leopard geckos
  23 orcs
  5 giant cockroaches
  3 goblins
  6 hobgoblins
  7 jackals
  3 kobolds
  2 quokkas
  6 bats
  4 frilled lizards
  A jackal zombie (D:5)
  A leopard gecko skeleton (D:4)
  A leopard gecko zombie (D:6)
  A quokka skeleton (D:9)
  7 rats
  A spectral orc (D:2)
178 creatures vanquished.

Notes
Turn   | Place    | Note
-------+----------+-------------------------------------------
     0 | D:1      | Kloppie the Demonspawn Berserker began the quest for the Orb.
     0 | D:1      | Reached XP level 1. HP: 18/18 MP: 1/1
   176 | D:1      | Reached skill level 3 in Axes
   176 | D:1      | Gained mutation: You sometimes gain a little power by taking damage. [demonic ancestry]
   176 | D:1      | Reached XP level 2. HP: 23/24 MP: 2/2
   931 | D:2      | Reached skill level 1 in Shields
   931 | D:2      | Gained mutation: You are surrounded by a mild repulsion field. (EV +2) [demonic ancestry]
   931 | D:2      | Reached XP level 3. HP: 29/29 MP: 3/3
  1091 | D:2      | Found a glowing silver altar of Zin.
  1145 | D:2      | Found a basalt altar of Yredelemnul.
  1231 | D:2      | Gained mutation: You have large cloven feet. [demonic ancestry]
  1231 | D:2      | Reached XP level 4. HP: 35/35 MP: 4/4
  1272 | D:2      | Found a deep blue altar of Sif Muna.
  1347 | D:2      | Reached ** piety under Trog
  1606 | D:3      | Found a sacrificial altar of Ru.
  1659 | D:3      | Reached skill level 4 in Axes
  1785 | D:3      | Reached XP level 5. HP: 30/41 MP: 5/5
  1803 | D:3      | Found an ancient bone altar of Kikubaaqudgha.
  1883 | D:3      | Noticed Ijyb
  1907 | D:3      | Killed Ijyb
  2056 | D:4      | Noticed a phantom
  2080 | D:4      | Killed a phantom
  2080 | D:4      | Gained mutation: You have hoof-like feet. [demonic ancestry]
  2080 | D:4      | Reached XP level 6. HP: 44/47 MP: 6/6
  2120 | D:4      | Reached skill level 5 in Axes
  2624 | D:4      | Gained mutation: You are robust. (+10% HP) [demonic ancestry]
  2624 | D:4      | Reached XP level 7. HP: 31/57 MP: 7/7
  2841 | D:5      | Entered Level 5 of the Dungeon
  2900 | D:5      | HP: 2/85 [ogre/giant club (31)]
  2903 | D:5      | Reached skill level 6 in Axes
  3180 | D:5      | Noticed HerpusD's ghost (amateur MiBe)
  3193 | D:5      | Killed HerpusD's ghost
  3207 | D:5      | Reached *** piety under Trog
  3207 | D:5      | Reached skill level 5 in Fighting
  3207 | D:5      | Gained mutation: You are surrounded by a moderate repulsion field. (EV +3) [demonic ancestry]
  3207 | D:5      | Reached XP level 8. HP: 17/68 MP: 8/8
  3760 | D:5      | Reached skill level 7 in Axes
  3895 | D:5      | Got a crystal flail
  4073 | D:5      | Found a shattered altar of Ashenzari.
  4221 | D:6      | Noticed Prince Ribbit
  4232 | D:6      | Noticed Edmund
  4343 | D:5      | Killed Prince Ribbit
  4424 | D:6      | Killed Edmund
  4424 | D:6      | Reached skill level 8 in Axes
  4667 | D:6      | Reached XP level 9. HP: 76/79 MP: 9/9
  4967 | D:6      | Found a sparkling altar of Nemelex Xobeh.
  5150 | D:6      | Found a burning altar of Makhleb.
  5150 | D:6      | Noticed Grinder
  5167 | D:6      | Killed Grinder
  5242 | D:6      | Got a shimmering war axe
  5456 | D:6      | Identified the +7 war axe of Cesill {venom, rC+ Int+4} (You found it on level 6 of the Dungeon)
  5458 | D:6      | Identified the +3 flail of Malaise {elec, Int+3} (You found it on level 5 of the Dungeon)
  5592 | D:7      | Found a staircase to the Ecumenical Temple.
  5767 | D:7      | Reached skill level 9 in Axes
  5795 | D:7      | Got a fine hat
  5805 | D:7      | Identified the +1 hat "Eqaen" {+Blink Regen+ Slay-6} (You found it on level 7 of the Dungeon)
  6472 | D:8      | Found Pusiz's Antique Weapon Shop.
  6478 | D:8      | Found an iron altar of Okawaru.
  6552 | D:8      | Found a hazy altar of Hepliaklqana.
  6556 | D:8      | Reached **** piety under Trog
  6929 | D:9      | Gained mutation: You are very robust. (+20% HP) [demonic ancestry]
  6929 | D:9      | Reached XP level 10. HP: 70/99 MP: 10/10
  6968 | D:9      | Found a hide-covered altar of Uskayaw.
  6970 | D:9      | Reached skill level 10 in Axes
  6982 | D:9      | Found a shimmering altar of Xom.
  7532 | D:10     | Entered Level 10 of the Dungeon
  7532 | D:10     | Noticed a hill giant
  7538 | D:10     | Killed a hill giant
  7538 | D:10     | Reached skill level 5 in Armour
  7604 | D:10     | Found a staircase to the Orcish Mines.
  7649 | D:10     | Noticed a hill giant
  7654 | D:10     | Paralysed by a hornet for 2 turns
  7655 | D:10     | HP: 3/99 [hill giant/giant club (36)]
  7656 | D:10     | Slain by a hornet

Skill      XL: |  1  2  3  4  5  6  7  8  9 10 |
---------------+-------------------------------+-----
Axes           | 3 4 5 6 8 9 10 | 10.9
Shields        | 1 2 3 4 |  4.4
Fighting       | 5 7 9 |  9.2
Armour         | 2 5 |  5.4
Dodging        | |  1.7

Action                   |  1- 3 |  4- 6 |  7- 9 | 10-12 || total
-------------------------+-------+-------+-------+-------++-------
Melee: Hand axe          |   136 |   185 |   307 |       ||   628
       Kick              |       |    37 |   146 |    22 ||   205
       War axe           |       |       |    84 |    82 ||   166
Invok: Berserk           |     1 |     5 |     7 |     2 ||    15
       Trog's Hand       |       |       |       |     1 ||     1
  Use: Scroll            |       |       |    16 |     3 ||    19
  Eat: Chunk             |     2 |    10 |    15 |     3 ||    30
       Meat ration       |       |       |     1 |       ||     1
       Beef jerky        |       |       |     1 |       ||     1
Armor: Ring mail         |    61 |     3 |       |       ||    64
       Scale mail        |       |    60 |    86 |    25 ||   171
Dodge: Dodged            |    98 |   112 |   177 |    57 ||   444
Block: Buckler           |    28 |    37 |    71 |    22 ||   158
